 Dungeon Crawl Stone Soup version 0.24.0-37-gcf1ca852f1 (webtiles) character file.

Game seed: 16907139416004226549, levelgen mode: deterministic

30 Descartes the Grasshopper (level 3, 0/16 HPs)
             Began as a Felid Warper on Dec 1, 2019.
             Slain by an adder (4 damage)
             ... on level 1 of the Dungeon.
             The game lasted 00:04:44 (1183 turns).

Descartes the Grasshopper (Felid Warper)            Turns: 1183, Time: 00:04:44

Health: 0/16       AC:  1    Str:  8    XL:     3   Next: 3%
Magic:  7/7        EV: 18    Int: 14    God:
Gold:   45         SH:  0    Dex: 15    Spells: 2/6 levels left
                                        Lives:  0   Deaths: 0

rFire    . . .     SeeInvis +     - Unarmed
rCold    . . .     Gourm    .   (shield unavailable)
rNeg     . . .     Faith    .   (armour unavailable)
rPois    .         Spirit   .   (helmet unavailable)
rElec    .         Reflect  .   (cloak unavailable)
rCorr    .         Harm     .   (gloves unavailable)
MR       .....                  (boots unavailable)
Stlth    ++........             (no amulet)
HPRegen  0.05/turn              (no ring)
MPRegen  0.10/turn              (no ring)

@: quick
A: very small, no armour, no weapons or thrown items, stealth, claws 1, fangs 3,
see invisible, carnivore, speed 1, shaggy fur 1, slow metabolism 1, sharp paws
a: no special abilities


You were on level 1 of the Dungeon.
You were very full.

You visited 1 branch of the dungeon, and saw 2 of its levels.

You collected 45 gold pieces.

Inventory:

Missiles
 n - 25 stones
 o - 19 arrows
Scrolls
 b - a scroll of blinking
 e - a scroll of magic mapping {unknown}
 f - a scroll of fear {unknown}
 i - a scroll of remove curse {unknown}
 j - 2 scrolls of identify {unknown}
 k - a scroll of amnesia {unknown}
Potions
 a - a potion of heal wounds {unknown}
 d - 2 potions of lignification {unknown}
 g - a potion of agility {unknown}
 h - a potion of curing {unknown}
 l - a potion of haste {unknown}
 m - 2 potions of might {unknown}
Comestibles
 c - a ration


   Skills:
 + Level 2.3 Fighting
 + Level 3.4 Dodging
 * Level 2.0 Stealth
 * Level 2.5 Unarmed Combat
 + Level 2.1 Spellcasting
 - Level 4.4 Translocations


You had 2 spell levels left.
You knew the following spells:

 Your Spells              Type           Power        Failure   Level  Hunger
a - Blink                 Tloc           N/A          6%          2    ###....
b - Shroud of Golubria    Chrm/Tloc      #.....       14%         2    ###....

Your spell library contained the following spells:

 Spells                   Type           Power        Failure   Level  Hunger
 Gell's Gravitas          Tloc           ##........   12%         3    ###....
 Lesser Beckoning         Tloc           ##........   12%         3    ###....
 Teleport Other           Tloc           ##......     12%         3    ###....
 Passage of Golubria      Tloc           N/A          36%         4    #####..


Dungeon Overview and Level Annotations

Branches:
Dungeon (2/15)

Altars:


Innate Abilities, Weirdness & Mutations

You cannot wear armour.
You are incapable of wielding weapons or throwing items.
Your paws allow you to move quietly. (Stealth)
You have sharp claws.
You have razor-sharp teeth.
You have supernaturally acute eyesight. (SInv)
You are carnivorous and can eat meat at any time.
You cover ground quickly.
You are covered in fur. (AC +1)
You have a slow metabolism.
Your sharp claws are effective at attacking unaware monsters.


Message History

You are too injured to fight recklessly!
You completely miss the goblin.
The goblin is severely wounded.
The goblin misses you.
Items here: )) [ † a +0 club; a +0 hunting sling; a +0 ring mail; a hobgoblin corpse You see here a whip.
You see here a jackal corpse.
There is a stone staircase leading up here.
The adder bites you. x2
* * * LOW HITPOINT WARNING * * *
You climb upwards.
There is a stone staircase leading down here.
You claw the adder!
The adder is heavily wounded.
The adder misses you.
You closely miss the adder.
The adder is heavily wounded.
The adder bites you.
You die...

## #.# # ######.# # #......# ##
#.####.####### .# #########
#.###......... .# #.......#
#.##.....##### .# #.#####.#
#.###...## .# #.#####.###.# ##.##
.# #.##..S@....# #.# .######
#.##.##.##### #.# ## ....>.#
#.##.##.# ##'## #. #####.#
#.......# ##...## #. ### #.#
####.#### ##.....## #. #.###.#
#..#.## ##.......###.
...##.######.#...####...÷.....##.
....................'.........'..
...##.##.###.#...####.........##.


You could see an adder.

Vanquished Creatures
  A dart slug (D:1)
  A bat (D:1)
  2 giant cockroaches
  2 goblins (D:1)
  A hobgoblin (D:2)
  6 jackals
  4 kobolds
  4 frilled lizards
  4 rats (D:1)
25 creatures vanquished.

Notes
Turn   | Place    | Note
-------+----------+-------------------------------------------
     0 | D:1      | Descartes the Felid Warper began the quest for the Orb.
     0 | D:1      | Reached XP level 1. HP: 9/9 MP: 4/4
     0 | D:1      | Noticed an orb of fire
     1 | D:1      | Noticed an ice dragon
     1 | D:1      | Noticed a large abomination
     4 | D:1      | Noticed an ice dragon
     6 | D:1      | Noticed a green draconian
     7 | D:1      | Noticed a shadow dragon
     8 | D:1      | Noticed a large abomination
     9 | D:1      | Noticed a tentacled monstrosity
    11 | D:1      | Noticed a large abomination
    14 | D:1      | Noticed an ice dragon
    15 | D:1      | Noticed an iron dragon
    17 | D:1      | Noticed a tentacled monstrosity
    17 | D:1      | Noticed an iron dragon
    19 | D:1      | Noticed an orb of fire
    21 | D:1      | Noticed a shadow dragon
   277 | D:1      | Reached skill level 1 in Stealth
   438 | D:1      | Reached XP level 2. HP: 13/13 MP: 6/6
  1065 | D:2      | Learned a level 2 spell: Blink
  1068 | D:2      | Learned a level 2 spell: Shroud of Golubria
  1134 | D:2      | Reached XP level 3. HP: 15/16 MP: 7/7
  1183 | D:1      | Slain by an adder

Levels and vault maps discovered:
D:1:      shiori_arrival_whats_in_store_for_you, layout_loops_corners
D:2:      layout_rooms, nicolae_overflow_hidden_temple,
          chequers_serial_rivers_large_a, hangedman_decor_push, uniq_jessica

Skill      XL: |  1  2  3 |
---------------+----------+-----
Stealth        | 1 2 |  2.0
Fighting       | |  2.3
Dodging        | |  3.4
Unarmed Combat | |  2.5
Spellcasting   | |  2.1
Translocations | |  4.4

Action                   || total
-------------------------++-------
Melee: Unarmed           ||    70
       Bite              ||     5
       Punch             ||     1
 Stab: Sleeping          ||     7
  Eat: Chunk             ||     7
Armor: Skin              ||     1
Dodge: Dodged            ||    48
